 Dungeon Sprint DCSS version 0.17-a0-945-g601bd79 (webtiles) character file.

40 ahoge the Ducker (level 3, -8/29 HPs)
             Began as a Demonspawn Gladiator on May 6, 2015.
             Was an Initiate of Okawaru.
             Killed by divine providence
             ... invoked by an orc priest
              (17 damage)
             ... in the Dungeon (Sprint IX: "|||||||||||||||||||||||||||||").
             The game lasted 00:02:12 (398 turns).

ahoge the Ducker (Demonspawn Gladiator)              Turns: 398, Time: 00:02:14

Health: -8/29      AC: 14    Str: 15    XL:     3   Next: 30%
Magic:  3/3        EV: 10    Int:  9    God:    Okawaru [......]
Gold:   0          SH:  0    Dex: 14    Spells: 0 memorised, 2 levels left

rFire  . . .     SeeInvis .     p - +2 dire flail (crush)
rCold  . . .     Clarity  .     s - +1 chain mail
rNeg   . . .     SustAb   .     (no shield)
rPois  .         Gourm    .     c - +0 helmet
rElec  .         Spirit   .     q - +0 cloak
rCorr  .         Warding  .     r - +0 pair of gloves
rMut   .         NoTele   +     (no boots)
MR     .....                    (no amulet)
Stlth  ..........               u - +2 ring of evasion
                                t - +2 ring of protection

@: not resistant to hostile enchantments, extremely unstealthy
A: nightstalker 1
a: Renounce Religion


You were in the Dungeon.
You worshipped Okawaru.
Okawaru was noncommittal.
You were not hungry.

You visited 1 branch

Inventory:

Hand weapons
 a - a +0 flail
 p - a +2 dire flail of crushing (weapon)
Missiles
 d - 3 throwing nets (quivered)
Armour
 b - a +0 leather armour
 c - a +0 helmet (worn)
 q - a +0 cloak (worn)
 r - a +0 pair of gloves (worn)
 s - a +1 chain mail (worn)
Jewellery
 t - a +2 ring of protection (left hand)
 u - a +2 ring of evasion (right hand)
Magical devices
 o - a wand of cold (7)
Scrolls
 k - 2 scrolls of blinking
 m - 3 scrolls of remove curse
 n - 2 scrolls of amnesia
Potions
 f - 5 potions of curing
 g - a potion of invisibility
 h - a potion of haste
 i - 4 potions of magic
 j - 2 potions of heal wounds
Comestibles
 e - a bread ration


   Skills:
 + Level 3.3 Fighting
 + Level 4.2 Maces & Flails
 + Level 2.4 Throwing
 + Level 1.3 Armour
 + Level 4.4 Dodging


You had 2 spell levels left.
You didn't know any spells.

Dungeon Overview and Level Annotations

Branches:
Dungeon (1/1)

Altars:
Cheibriados
Dithmenos
Elyvilon
Fedhas
Gozag
Kikubaaqudgha
Makhleb
Nemelex Xobeh
Okawaru
Qazlal
Ru
Sif Muna
Trog
Vehumet
Xom
Yredelemnul
Zin
The Shining One
Beogh
Jiyva
Lugonu


Innate Abilities, Weirdness & Mutations

You are slightly more attuned to the shadows.


Message History

The deep elf mage is lightly wounded.
The orc priest glows brightly for a moment.
The deep elf mage hits you but does no damage.
You barely miss the deep elf mage.
The deep elf mage is lightly wounded.
The deep elf mage hits you but does no damage.
You sock the deep elf mage!
The deep elf mage is heavily wounded.
The deep elf mage casts a spell.
The deep elf mage conjures a globe of magical energy!
You closely miss the deep elf mage.
The deep elf mage is heavily wounded.
The deep elf mage hits you with a long sword.
You miss the deep elf mage.
The deep elf mage is heavily wounded.
The deep elf mage barely misses you.
The orc priest calls down the wrath of Beogh upon you.
Something smites you!
Ouch! That really hurt!
You die... ▓▓▓▓▓▓▓▓▓▓▓▓▓▓▓▓▓▓▓▓▓▓▓ ..oKHe@.*..)|..'_______ ▓▓▓▓▓▓▓▓▓▓▓▓▓▓▓▓▓▓▓▓▓▓▓

You could see a hippogriff, a deep elf mage, an orc priest and a kobold.

Vanquished Creatures
  A gnoll shaman (D)
  2 giant geckos (D)
  A hobgoblin (D)
  A jackal (D)
  2 bats (D)
  A goblin (D)
  2 kobolds (D)
  A rat (D)
11 creatures vanquished.

Notes
Turn   | Place    | Note
--------------------------------------------------------------
     0 | D        | ahoge, the Demonspawn Gladiator, began the quest for the Orb.
     0 | D        | Reached XP level 1. HP: 16/16 MP: 1/1
    11 | D        | Reached skill level 3 in Maces & Flails
   141 | D        | Noticed a gnoll shaman
   167 | D        | Gained mutation: You are slightly more attuned to the shadows. [demonic ancestry]
   167 | D        | Reached XP level 2. HP: 23/23 MP: 2/2
   178 | D        | Killed a gnoll shaman
   178 | D        | Reached skill level 4 in Maces & Flails
   178 | D        | Reached skill level 1 in Armour
   178 | D        | Reached XP level 3. HP: 10/29 MP: 3/3
   188 | D        | Found a glowing silver altar of Zin.
   188 | D        | Found a glowing golden altar of the Shining One.
   188 | D        | Found an ancient bone altar of Kikubaaqudgha.
   188 | D        | Found a basalt altar of Yredelemnul.
   188 | D        | Found a shimmering altar of Xom.
   189 | D        | Found a radiant altar of Vehumet.
   190 | D        | Found an iron altar of Okawaru.
   191 | D        | Found a burning altar of Makhleb.
   192 | D        | Found a deep blue altar of Sif Muna.
   193 | D        | Found a bloodstained altar of Trog.
   194 | D        | Found a sparkling altar of Nemelex Xobeh.
   195 | D        | Found a white marble altar of Elyvilon.
   196 | D        | Found a roughly hewn altar of Beogh.
   197 | D        | Became a worshipper of Warmaster Okawaru
   198 | D        | Found a viscous altar of Jiyva.
   199 | D        | Found a corrupted altar of Lugonu.
   200 | D        | Found a blossoming altar of Fedhas.
   201 | D        | Found a snail-covered altar of Cheibriados.
   202 | D        | Found a shadowy altar of Dithmenos.
   203 | D        | Found a stormy altar of Qazlal.
   204 | D        | Found an opulent altar of Gozag.
   205 | D        | Found a sacrificial altar of Ru.
   389 | D        | Noticed an orc priest
   389 | D        | Noticed a hippogriff
   389 | D        | Noticed a deep elf mage
   398 | D        | Killed from afar by an orc priest

Action                   || total
-------------------------++-------
Melee: Flail             ||    51
       Dire flail        ||     9
  Use: Potion            ||     2
